 Dungeon Crawl Stone Soup version 0.30-b1-2-g02819fbbbe (webtiles) character file.

Game seed: 13633920605775773435

286 Metae the Shield-Bearer (level 6, -3/55 HPs)
             Began as a Minotaur Fighter on June 29, 2023.
             Was a Follower of Uskayaw.
             Slain by Pikel
             ... wielding a +2 whip of flaming
              (9 damage)
             ... on level 4 of the Dungeon.
             The game lasted 00:07:35 (2862 turns).

Metae the Shield-Bearer (Minotaur Fighter)          Turns: 2862, Time: 00:07:36

Health: -3/55      AC:  9    Str: 22    XL:     6   Next: 8%
Magic:  5/5        EV: 11    Int:  5    God:    Uskayaw [*.....]
Gold:   137        SH:  4    Dex: 10    Spells: 5/5 levels left

rFire   + . .        a - +0 rapier
rCold   . . .        c - +0 buckler
rNeg    . . .        r - +2 ring mail {rF+}
rPois   .            (helmet restricted)
rElec   .            (no cloak)
rCorr   .            s - +0 pair of gloves
SInv    .            (no boots)
Will    .....        (no amulet) Stlth
                     (no ring)
HPRegen 0.29/turn    (no ring)
MPRegen 0.09/turn

%: no passive effects
@: no status effects
A: horns 2, retaliatory headbutt
a: Renounce Religion, Stomp


You were on level 4 of the Dungeon.
You worshipped Uskayaw.
Uskayaw was noncommittal.
You visited 1 branch of the dungeon, and saw 4 of its levels.

You collected 137 gold pieces.

Inventory:

Hand Weapons
 a - a +0 rapier (weapon)
Missiles
 k - 9 poisoned darts (quivered)
 q - 6 boomerangs
 v - 5 javelins
Armour
 b - a +0 scale mail
 c - a +0 buckler (worn)
 r - a +2 ring mail of fire resistance (worn)
 s - a +0 pair of gloves (worn)
 w - a +0 cloak
Wands
 t - a wand of mindburst (18)
Scrolls
 e - 2 scrolls of fear {unknown}
 h - a scroll of torment {unknown}
 i - 3 scrolls of teleportation {unknown}
 j - 3 scrolls of identify {unknown}
 m - 2 scrolls of immolation {unknown}
 n - 2 scrolls of fog {unknown}
 p - a scroll of enchant weapon {unknown}
 u - a scroll of vulnerability {unknown}
Potions
 d - 3 potions of might
 f - a potion of haste {unknown}
 g - 2 potions of lignification {unknown}
 l - 3 potions of curing {unknown}
 o - a potion of resistance {unknown}


   Skills:
 + Level 4.8 Fighting
 + Level 3.6 Short Blades
 + Level 4.7 Armour
 + Level 2.7 Dodging
 + Level 4.8 Shields
 + Level 1.1 Invocations


You had 5 spell levels left.
You didn't know any spells.
Your spell library contained the following spells:

 Spells                   Type           Power      Damage    Failure   Level
 Kiss of Death            Conj/Necr      0%         2d5       71%         1
 Call Canine Familiar     Summ           0%         N/A       97%         3
 Confusing Touch          Hex            0%         N/A       97%         3
 Portal Projectile        Hex/Tloc       0%         N/A       97%         3
 Dispel Undead            Necr           0%         3d6       100%        4
 Leda's Liquefaction      Hex/Erth       0%         N/A       100%        4


Dungeon Overview and Level Annotations

Branches:
Dungeon (4/15)
 Temple: D:4-7

Altars:
Ashenzari
Dithmenos
Uskayaw

Annotations:
D:4 Pikel


Innate Abilities, Weirdness & Mutations

You have a pair of horns on your head.
You reflexively headbutt those who attack you in melee.


Message History

Pikel hits you with a +2 whip of flaming.
You hit Pikel but do no damage. You headbutt Pikel!
Pikel is moderately wounded.
Pikel completely misses you. You furiously retaliate!
You headbutt Pikel!
You can now pass through a line of other dancers.
You barely miss Pikel.
Pikel is heavily wounded.
You block Pikel's attack.
You hit Pikel but do no damage.
Pikel is heavily wounded.
Pikel hits you with a +2 whip of flaming!
Pikel burns you.
You completely miss Pikel.
Pikel is heavily wounded.
Pikel barely misses you. You furiously retaliate!
You headbutt Pikel! Pikel hits you but does no damage.
You closely miss Pikel.
Pikel is severely wounded.
Pikel hits you with a +2 whip of flaming!
Pikel burns you.
You hit Pikel but do no damage. Your headbutt misses Pikel.
Pikel is severely wounded.
Pikel misses you.
You hit Pikel but do no damage. Your headbutt misses Pikel.
Pikel is severely wounded.
Pikel hits you with a +2 whip of flaming.
* * * LOW HITPOINT WARNING * * *
You barely miss Pikel.
Pikel is severely wounded.
Pikel hits you with a +2 whip of flaming!
* * * LOW HITPOINT WARNING * * *
You hit Pikel but do no damage.
Pikel is severely wounded.
You block Pikel's attack.
You can no longer pass through a line of other dancers.
Pikel says, "Hell isn't that bad."
You see here 8 gold pieces.
Pikel attacks as you move away!
Pikel hits you with a +2 whip of flaming!
You die...

#.##......###...##
#.......†........#
####.......##....#
#######...#..###.#.#
.....................
###....####..###.......
....♣♣..#.....####.#.#.
.....P........# .#.# ##
.......@...# .#
#..###.K...# ..#
#.5...# ..# ##?#### #5#
#.# #w5 #5. ...


You could see Pikel, 4 lemures and a worm.

Vanquished Creatures
  A water moccasin (D:4)
  A jelly (D:2)
  2 orc wizards (D:4)
  3 adders
  2 worms (D:2)
  4 dart slugs
  2 orcs
  3 ball pythons
  5 endoplasms
  3 giant cockroaches
  5 goblins
  8 hobgoblins
  4 jackals (D:1)
  6 kobolds
  3 quokkas
  11 bats
  4 frilled lizards
  3 rats
70 creatures vanquished.

Vanquished Creatures (others)
  2 plants (D:2)
2 creatures vanquished.

Grand Total: 72 creatures vanquished

Notes
Turn   | Place    | Note
-------+----------+-------------------------------------------
     0 | D:1      | Metae the Minotaur Fighter began the quest for the Orb.
     0 | D:1      | Reached XP level 1. HP: 19/19 MP: 0/0
    49 | D:1      | HP: 1/20 [hobgoblin (2)]
   139 | D:1      | Reached XP level 2. HP: 27/27 MP: 1/1
   299 | D:1      | Reached skill level 1 in Dodging
   435 | D:1      | Reached XP level 3. HP: 30/33 MP: 2/2
   966 | D:2      | Reached XP level 4. HP: 20/40 MP: 3/3
  1262 | D:2      | Found a broken altar of Ashenzari.
  2100 | D:3      | Found a shadowy altar of Dithmenos.
  2175 | D:3      | Noticed a +0 short sword
  2175 | D:3      | Noticed a +0 short sword
  2175 | D:3      | Noticed a +0 dagger
  2175 | D:3      | Noticed a +0 dagger
  2176 | D:3      | Noticed a +0 spear
  2176 | D:3      | Noticed a +0 falchion
  2177 | D:3      | Noticed a +0 falchion
  2178 | D:3      | Noticed a +0 spear
  2334 | D:3      | Found a hide-covered altar of Uskayaw.
  2338 | D:3      | Became a worshipper of Uskayaw the Reveller
  2615 | D:4      | Noticed a water moccasin
  2632 | D:4      | Reached * piety under Uskayaw
  2637 | D:4      | Reached ** piety under Uskayaw
  2638 | D:4      | Reached XP level 5. HP: 38/47 MP: 4/4
  2659 | D:4      | Reached *** piety under Uskayaw
  2666 | D:4      | Killed a water moccasin
  2666 | D:4      | Reached **** piety under Uskayaw
  2667 | D:4      | Reached skill level 1 in Invocations
  2667 | D:4      | Reached XP level 6. HP: 23/53 MP: 5/5
  2838 | D:4      | Noticed Pikel
  2862 | D:4      | Slain by Pikel

Illustrated notes

Levels and vault maps discovered:
D:1:      evilmike_arrival_hilbert_curve, layout_rooms
D:2:      wad_woods_pond, layout_basic, basic_altar
D:3:      layout_rooms, lemuel_tele_altar, nicolae_uskayaw_en_pointe,
          st_stairs_11, kennysheep_potato
D:4:      layout_loops_ring, minmay_temple_entry_slanted, serial_park_tiny_1,
          roderic_st_hans_cross, saegor_snake_ambush, uniq_pikel,
          uniq_crazy_yiuf_cottage, uniq_natasha, uniq_menkaure

Skill      XL: |  1  2  3  4  5 |
---------------+----------------+-----
Dodging        | 1 2 |  2.7
Shields        | 4 |  4.8
Armour         | 4 |  4.7
Fighting       | 4 |  4.8
Short Blades   | 3 |  3.6
Invocations    | 1 |  1.1

Action                     |  1- 3 |  4- 6 || total
---------------------------+-------+-------++-------
  Melee: Rapier            |   123 |   138 ||   261
         Headbutt          |    12 |    20 ||    32
   Stab: Paralysed         |       |     1 ||     1
 Armour: Scale mail        |    67 |    37 ||   104
         Ring mail         |       |    31 ||    31
  Dodge: Dodged            |    75 |    46 ||   121
  Block: Buckler           |    43 |    26 ||    69
